 Dungeon Crawl Stone Soup version 0.20.1-1-g8b1a95d (webtiles) character file.

72 kaze the Skirmisher (level 4, 0/35 HPs)
             Began as a Demonspawn Berserker on Sept 15, 2017.
             Was a Believer of Trog.
             Slain by an orc priest
             ... wielding a +0 trident
              (5 damage)
             ... on level 3 of the Dungeon.
             The game lasted 00:02:49 (2007 turns).

kaze the Skirmisher (Demonspawn Berserker)          Turns: 2007, Time: 00:02:50

Health: 0/35       AC:  8    Str: 18    XL:     4   Next: 6%
Magic:  4/4        EV:  8    Int:  8    God:    Trog [**....]
Gold:   100        SH:  0    Dex: 13    Spells: 3/3 levels left

rFire    . . .     SeeInvis .   a - +0 hand axe
rCold    . . .     Gourm    .   (no shield)
rNeg     + . .     Faith    .   j - +0 chain mail
rPois    .         Spirit   .   (no helmet)
rElec    .         Reflect  .   (no cloak)
rCorr    .         Harm     .   (no gloves)
MR       ++...                  (no boots)
Stlth    ..........             (no amulet)
Regen    1.2/turn               i - ring of stealth
MPRegen  0.1/turn               e - ring of positive energy

@: regenerating
A: claws 1, powered by pain 1
a: Berserk, Trog's Hand, Burn Spellbooks, Renounce Religion


You were on level 3 of the Dungeon.
You worshipped Trog.
Trog was pleased with you.
You were very hungry.

You visited 1 branch of the dungeon, and saw 3 of its levels.

You collected 100 gold pieces.

Inventory:

Hand Weapons
 a - a +0 hand axe (weapon)
Armour
 b - a +0 animal skin
 j - a +0 chain mail (worn)
Jewellery
 e - a ring of positive energy (right claw)
 i - a ring of stealth (left claw)
 o - an uncursed ring of poison resistance {unknown}
Scrolls
 d - a scroll of remove curse {unknown}
 g - 2 scrolls of teleportation {unknown}
 k - 3 scrolls of enchant armour {unknown}
 n - 2 scrolls of enchant weapon {unknown}
 q - 4 scrolls of identify {unknown}
 r - a scroll of immolation {unknown}
 u - a scroll of blinking {unknown}
Potions
 h - 2 potions of ambrosia {unknown}
 m - 2 potions of degeneration {unknown}
 p - a potion of flight {unknown}
 s - a potion of haste {unknown}
 t - a potion of might {unknown}
Comestibles
 c - 3 bread rations
 f - 3 royal jellies
 l - 3 meat rations


   Skills:
 + Level 3.4 Fighting
 + Level 3.3 Axes
 + Level 2.4 Armour
 + Level 2.2 Dodging
 + Level 0.8 Stealth


You had 3 spell levels left.
You didn't know any spells.

Dungeon Overview and Level Annotations

Branches:
Dungeon (3/15)

Altars:
Nemelex Xobeh
Qazlal
Xom
The Shining One


Innate Abilities, Weirdness & Mutations

You have sharp fingernails.
You sometimes gain a little power by taking damage.


Message History

* * * LOW HITPOINT WARNING * * *
You closely miss the orc.
The orc is heavily wounded.
The orc barely misses you.
You slash the orc!
You kill the orc!
Trog accepts your kill. The worm bites you.
* * * LOW HITPOINT WARNING * * *
The orc priest barely misses you.
You see here a club.
Your chain mail prevents you from hitting the worm.
The worm is heavily wounded.
The worm bites you but does no damage.
The orc priest hits you from afar with a trident.
* * * LOW HITPOINT WARNING * * *
You hit the worm.
The worm is heavily wounded.
The orc priest hits you from afar with a trident.
You die...

..#.<.. ...#......#
#..... >..#......#
#....# ...#<.)...#
#.##..>.# ...#...<..#
#.....).###...#..######.
#.....ow.#...#.## ....(
...##.###..####.##......
#..####...........#
#...@wo........####
#....####..##..####
#.........###.##
#...######## #.. ...
#... .# #.##. ... .. ...
..


You could see a worm and an orc priest.

Vanquished Creatures
  An adder (D:2)
  An ooze (D:2)
  A worm (D:2)
  A dart slug (D:1)
  A leopard gecko (D:1)
  3 orcs
  2 bats
  4 giant cockroaches
  3 goblins (D:1)
  8 hobgoblins
  6 jackals
  A quokka (D:2)
  A ball python (D:1)
  5 frilled lizards
  2 kobolds
  7 rats
47 creatures vanquished.

Notes
Turn   | Place    | Note
-------+----------+-------------------------------------------
     0 | D:1      | kaze the Demonspawn Berserker began the quest for the Orb.
     0 | D:1      | Reached XP level 1. HP: 18/18 MP: 1/1
   412 | D:1      | Gained mutation: You sometimes gain a little power by taking damage. [demonic ancestry]
   412 | D:1      | Reached XP level 2. HP: 24/24 MP: 2/2
   751 | D:1      | Reached ** piety under Trog
   802 | D:1      | Gained mutation: You have sharp fingernails. [demonic ancestry]
   802 | D:1      | Reached XP level 3. HP: 29/29 MP: 3/3
  1430 | D:2      | Found a shimmering altar of Xom.
  1479 | D:2      | Found a stormy altar of Qazlal.
  1591 | D:2      | Found a glowing golden altar of the Shining One.
  1779 | D:2      | Found a sparkling altar of Nemelex Xobeh.
  1966 | D:3      | Reached XP level 4. HP: 35/35 MP: 4/4
  2007 | D:3      | Slain by an orc priest

Skill      XL: |  1  2  3 |
---------------+----------+-----
Dodging        | 2 |  2.2
Axes           | 3 |  3.3
Armour         | 2 |  2.4
Fighting       | |  3.4
Stealth        | |  0.8

Action                   |  1- 3 |  4- 6 || total
-------------------------+-------+-------++-------
Melee: Hand axe          |   188 |    12 ||   200
Invok: Trog's Hand       |       |     1 ||     1
  Eat: Chunk             |     3 |       ||     3
Armor: Animal skin       |     8 |       ||     8
       Chain mail        |    94 |     4 ||    98
Dodge: Dodged            |    89 |     9 ||    98
